 Dungeon Crawl Stone Soup version 0.28.0 (webtiles) character file.

Game seed: 13222766751839806724

6074 DungeonHerbert the Fighter (level 10, -20/93 HPs)
             Began as a Minotaur Fighter on Feb 9, 2022.
             Was an Elder of Okawaru.
             Demolished by a large abomination (29 damage)
             ... on level 1 of the Abyss on Feb 11, 2022.
             The game lasted 00:49:10 (11861 turns).

DungeonHerbert the Fighter (Minotaur Fighter)      Turns: 11861, Time: 00:49:12

Health: -20/93     AC: 16    Str: 25    XL:     10   Next: 57%
Magic:  12/12      EV: 10    Int:  5    God:    Okawaru [****..]
Gold:   978        SH:  5    Dex: 10    Spells: 9/9 levels left

rFire   + . .      SeeInvis .   D - +6 war axe (flame)
rCold   . . .      Faith    .   G - +1 buckler {rPois}
rNeg    . . .      Spirit   .   a - +2 ring mail {rF+}
rPois   +          Reflect  .   (helmet restricted)
rElec   .          Harm     .   h - +0 cloak
rCorr   .          Rampage  .   r - +0 pair of gloves
Will    .....                   (no boots)
Stlth   ..........              E - amulet of regeneration
HPRegen 1.05/turn               o - +4 ring of protection
MPRegen 0.13/turn               (no ring)

@: no status effects
A: horns 2, retaliatory headbutt
a: Renounce Religion, Heroism, Finesse


You were on level 1 of the Abyss.
You worshipped Okawaru.
Okawaru was greatly pleased with you.
You visited 2 branches of the dungeon, and saw 11 of its levels.
You visited the Abyss 1 time.
You also visited: Bailey.

You collected 1203 gold pieces.
You spent 225 gold pieces at shops.

Inventory:

Hand Weapons
 g - a +2 falchion of holy wrath
 s - a +8 flail
 z - a +0 hand axe of flaming
 D - a +6 war axe of flaming (weapon)
 J - a +0 war axe
 K - the +0 staff of Battle
   (You found it in a bailey)

   It enhances your conjuration magic.
   It summons a battlesphere in combat, with strength depending on Conjurations
   skill.
   Its strikes trigger the battlesphere's blasts.
Missiles
 v - 4 boomerangs of dispersal
 A - 22 curare-tipped darts
 B - 20 poisoned darts
 H - 6 atropa-tipped darts (quivered)
Armour
 a - a +2 ring mail of fire resistance (worn)
 h - a +0 cloak (worn)
 r - a +0 pair of gloves (worn)
 G - a +1 buckler of poison resistance (worn)
 I - the +1 chain mail of Mezcal {rF- Will+ Str+5}
   (You found it in a bailey)

   Str:       It affects your strength (+5).
   rF:        It makes you vulnerable to fire.
   Will:      It increases your willpower.
Jewellery
 o - a +4 ring of protection (left hand)
 E - an amulet of regeneration (around neck)
Wands
 b - a wand of paralysis (6)
 c - a wand of acid (3)
 e - a wand of flame (26)
 u - a wand of digging (10)
 C - a wand of iceblast (22)
Scrolls
 i - a scroll of amnesia {unknown}
 j - a scroll of magic mapping
 l - a scroll of enchant armour {unknown}
 m - a scroll of fog {unknown}
 p - a scroll of teleportation
 q - 2 scrolls of fear {unknown}
 t - a scroll of blinking {unknown}
 w - 3 scrolls of silence
 y - a scroll of vulnerability {unknown}
 F - a scroll of holy word {unknown}
Potions
 d - 2 potions of might
 f - 7 potions of curing
 k - a potion of flight {unknown}
 n - a potion of cancellation {unknown}
 x - a potion of haste


   Skills:
 + Level 10.1 Fighting
 - Level 6.5 Long Blades
 + Level 5.3(6.6) Axes
 - Level 5.9(6.9) Maces & Flails
 + Level 3.0 Throwing
 - Level 10.0 Armour
 - Level 4.2 Shields
 + Level 4.1 Invocations
 + Level 4.7 Evocations


You had 9 spell levels left.
You didn't know any spells.
Your spell library contained the following spells:

 Spells                   Type           Power      Damage    Failure   Level
 Pain                     Necr           0%         1d4       69%         1
 Ensorcelled Hibernation  Hex/Ice        0%         N/A       83%         2
 Passwall                 Tmut/Erth      0%         N/A       83%         2
 Swiftness                Air            0%         N/A       96%         3
 Agony                    Necr           0%         N/A       100%        5
 Excruciating Wounds      Necr           0%         N/A       100%        5
 Fireball                 Conj/Fire      0%         3d3       100%        5
 Iskenderun's Battlesphe  Conj           0%         2d6       100%        5
 Conjure Ball Lightning   Conj/Air       0%         3x3d6     100%        6
 Orb of Destruction       Conj           0%         9d5       100%        7
 Borgnjor's Revivificati  Necr           0%         N/A       100%        8
 Necromutation            Tmut/Necr      0%         N/A       100%        8
 Death's Door             Necr           0%         N/A       100%        9


Dungeon Overview and Level Annotations

Branches:
Dungeon (10/15)            Temple (1/1) D:7            Lair (0/6) D:9
    Orc (0/2) D:10         Bailey (visited)

Altars:
Ashenzari
Cheibriados
Dithmenos
Elyvilon
Fedhas
Gozag
Hepliaklqana
Kikubaaqudgha
Makhleb
Nemelex Xobeh
Okawaru
Ru
Sif Muna
Trog
Uskayaw
Vehumet
Wu Jian
Xom
Yredelemnul
Zin
The Shining One

Shops:
D:3 *   D:5 ?   D:10 *

Annotations:
D:7 2 transporters, waddelsworth's ghost, novice GrEE
D:10 Sonja


Innate Abilities, Weirdness & Mutations

You have a pair of horns on your head.
You reflexively headbutt those who attack you in melee.


Message History

You block the worldbinder's attack.
The worldbinder hits you but does no damage. x2
The bog body points at you and mumbles some strange words.
The bolt of cold hits you!!
A small abomination comes into view.
A starcursed mass splits.
A chorus of shrieks assaults your mind. The worldbinder closely misses you.
You furiously retaliate!
You headbutt the worldbinder. The worldbinder hits you.
The bog body points at you and mumbles some strange words.
The bolt of cold hits you!!
A water elemental comes into view.
You slash the large abomination! You burn the large abomination.
Your headbutt misses the large abomination.
The large abomination is moderately damaged.
You barely miss the worldbinder. The worldbinder hits you.
The worldbinder barely misses you. The large abomination hits you.
You hit the worldbinder but do no damage.
The worldbinder is moderately damaged.
You slash the large abomination! You burn the large abomination.
You hit the bog body. You burn the bog body.
The bog body disappears in a puff of smoke!
The worldbinder calls forth creatures from the Swamp!
A chorus of shrieks assaults your mind. The large abomination misses you.
The worldbinder hits you.
* * * LOW HITPOINT WARNING * * *
The worldbinder hits you but does no damage.
The bog body touches you.
* * * LOW HITPOINT WARNING * * *
The bog body freezes you!
* * * LOW HITPOINT WARNING * * *
A starcursed mass splits.
You slash the bog body! You burn the bog body.
The bog body is severely damaged.
You hit the large abomination but do no damage.
You barely miss the worldbinder.
The bog body disappears in a puff of smoke! x2
The worldbinder hits you but does no damage. x2
The large abomination hits you!!
You die...

##.. .. #..#§..
#...#.. ..E.#
##..#.# #
...#.###### ..
###nn..... #
#..#@x§..##X.##.
#xX§#§####.. .#
#..nX.X###X .#
#..##......## .
#.....#.X..# ##
.... .#XX..#
.......#####..
##.. #..# .##
....#. .#


You could see 4 starcursed masses, a large abomination, a water elemental, a
worldbinder, 3 bog bodies and a small abomination.

Vanquished Creatures
  Joseph (D:7)
  Maggie (D:7)
  Psyche (D:8)
  A komodo dragon (D:10)
  A wraith (D:9)
  A steam dragon (D:9)
  Menkaure (D:7)
  4 vampire mosquitoes (D:10)
  A water moccasin (D:8)
  7 orc warriors
  A necrophage (D:4)
  A black bear (D:8)
  2 ogres
  3 centaurs
  A phantom (D:2)
  7 kobold brigands
  2 bullfrogs
  Blork the orc (D:6)
  A wyvern zombie (D:8)
  3 scorpions
  A gnoll sergeant (D:5)
  6 killer bees (D:10)
  A troll skeleton (D:9)
  5 spriggan skeletons (D:9)
  3 howler monkeys (D:9)
  A bullfrog zombie (D:7)
  A centaur zombie (D:7)
  A quasit (Abyss:1)
  A bullfrog skeleton (D:6)
  2 hounds
  2 gnoll shamans (D:9)
  6 orc priests
  3 centaur skeletons
  Crazy Yiuf (D:7)
  2 iguanas
  6 orc wizards
  A hound skeleton (D:4)
  11 gnolls
  8 adders
  A howler monkey skeleton (D:7)
  2 shadow imps (D:7)
  3 white imps
  An ufetubus (D:3)
  5 worms
  2 dart slugs
  25 orcs
  4 endoplasms
  3 giant cockroaches
  4 goblins
  5 hobgoblins
  4 jackals (D:2)
  4 quokkas
  8 ball pythons
  5 bats
  4 frilled lizards
  17 kobolds
  3 rats
203 creatures vanquished.

Vanquished Creatures (others)
  2 gnolls (D:9)
  5 fungi
  4 plants
11 creatures vanquished.

Grand Total: 214 creatures vanquished

Notes
Turn   | Place    | Note
-------+----------+-------------------------------------------
     0 | D:1      | DungeonHerbert the Minotaur Fighter began the quest for the
                  | Orb.
     0 | D:1      | Reached XP level 1. HP: 19/19 MP: 0/0
   606 | D:1      | Reached XP level 2. HP: 26/26 MP: 1/1
   977 | D:2      | Reached XP level 3. HP: 28/31 MP: 2/2
  1112 | D:2      | Reached XP level 4. HP: 18/39 MP: 3/3
  1339 | D:2      | Found a faded altar of an unknown god.
  1703 | D:3      | Noticed an ogre
  1709 | D:3      | Killed an ogre
  1710 | D:3      | Reached skill level 5 in Long Blades
  1710 | D:3      | Reached XP level 5. HP: 44/47 MP: 4/4
  1806 | D:3      | Noticed a phantom
  1810 | D:3      | HP: 2/47 [orc priest/nerve-wracking pain (4)]
  2115 | D:2      | Killed a phantom
  2116 | D:2      | Reached XP level 6. HP: 32/55 MP: 5/5
  2273 | D:3      | Reached skill level 5 in Fighting
  2273 | D:3      | Reached skill level 5 in Armour
  2582 | D:3      | Found an opulent altar of Gozag.
  2582 | D:3      | Found Gozag's Platinum Reserve.
  2624 | D:3      | Found an ornate altar of the Wu Jian Council.
  2943 | D:3      | Found a burning altar of Makhleb.
  2943 | D:3      | Noticed a balrug
  2946 | D:3      | Noticed a ynoxinul
  2946 | D:3      | Noticed an orange demon
  3909 | D:4      | Reached XP level 7. HP: 40/61 MP: 6/6
  4675 | D:4      | Reached skill level 1 in Maces & Flails
  4993 | D:5      | Entered Level 5 of the Dungeon
  5150 | D:5      | Found Keeriepp's Magic Scroll Boutique.
  6031 | D:5      | Found a shimmering blue altar of Sif Muna.
  6907 | D:6      | Reached XP level 8. HP: 61/71 MP: 7/7
  7140 | D:6      | Noticed Blork the orc
  7162 | D:6      | Killed Blork the orc
  8006 | D:7      | Found a transporter.
  8012 | D:7      | Reached skill level 5 in Maces & Flails
  8013 | D:7      | Noticed waddelsworth's ghost (novice GrEE)
  8036 | D:7      | Noticed Joseph
  8046 | D:7      | Killed Joseph
  8047 | D:7      | Reached skill level 1 in Evocations
  8150 | D:7      | Found a transporter.
  8262 | D:7      | Found a staircase to the Ecumenical Temple.
  8290 | Temple   | Entered the Ecumenical Temple
  8348 | Temple   | Became a worshipper of Warmaster Okawaru
  8521 | D:7      | Noticed Maggie
  8546 | D:7      | Killed Maggie
  8547 | D:7      | Reached XP level 9. HP: 38/82 MP: 8/8
  8815 | D:7      | Noticed Menkaure
  8823 | D:7      | Killed Menkaure
  9336 | D:7      | Found a runed translucent door.
  9337 | D:7      | Noticed Crazy Yiuf
  9343 | D:7      | Killed Crazy Yiuf
  9344 | D:7      | Reached skill level 1 in Axes
  9511 | D:8      | Identified the +2 spear "Zygisk" {vamp, Fragile Fly Str+5}
  9712 | D:8      | Reached * piety under Okawaru
  9714 | D:8      | Found a basalt altar of Yredelemnul.
  9775 | D:8      | Noticed Psyche
  9781 | D:8      | Killed Psyche
  9782 | D:8      | Reached skill level 1 in Invocations
 10281 | D:9      | Found a staircase to the Lair.
 10339 | D:9      | Reached ** piety under Okawaru
 10796 | D:9      | Reached skill level 1 in Throwing
 10812 | D:9      | Reached XP level 10. HP: 91/91 MP: 11/11
 11069 | D:10     | Entered Level 10 of the Dungeon
 11119 | D:10     | Found a staircase to the Orcish Mines.
 11212 | D:10     | Found Ovaplish's Assorted Antiques.
 11227 | D:10     | Bought a shiny buckler for 225 gold pieces
 11260 | D:10     | Found a flagged portal.
 11284 | Bailey   | Entered a bailey
 11367 | Bailey   | Reached *** piety under Okawaru
 11444 | Bailey   | Found the +0 staff of Battle
 11518 | Bailey   | Found a bloodstained altar of Trog.
 11527 | Bailey   | Identified the +1 chain mail of Mezcal {rF- Will+ Str+5}
 11627 | D:10     | Reached skill level 10 in Fighting
 11627 | D:10     | Reached skill level 5 in Axes
 11653 | D:10     | Reached skill level 10 in Armour
 11694 | D:10     | Found a glowing golden altar of the Shining One.
 11695 | D:10     | Found a white marble altar of Elyvilon.
 11696 | D:10     | Found a glowing silver altar of Zin.
 11739 | D:10     | Reached **** piety under Okawaru
 11772 | D:10     | Noticed Sonja
 11774 | D:10     | Cast into level 1 of the Abyss (Sonja)
 11845 | Abyss:1  | Noticed a starcursed mass
 11852 | Abyss:1  | Noticed a worldbinder
 11854 | Abyss:1  | Noticed a bog body
 11855 | Abyss:1  | Noticed a bog body
 11855 | Abyss:1  | Noticed a bog body
 11857 | Abyss:1  | Noticed a large abomination
 11861 | Abyss:1  | Noticed a bog body
 11861 | Abyss:1  | Noticed a bog body
 11861 | Abyss:1  | Noticed a bog body
 11861 | Abyss:1  | Demolished by a large abomination

Illustrated notes

Levels and vault maps discovered:
D:1:      dpeg_arrival_rooms_a, layout_basic
D:2:      layout_basic, shapermc_ecumenical_altar_acropolis
D:3:      layout_basic, nicolae_wu_jian_wuxing_cycle, makhleb_altar_promises_db,
          nicolae_gozag_zags_fifth_avenue, minmay_fractal_squares_diagonal_5
D:4:      layout_cave_pods
D:5:      layout_layer_cave, led_sif_book, serial_shops, nicolae_take_the_stairs
D:6:      layout_loops_ring, uniq_blork_the_orc
D:7:      layout_loops_cross, minmay_temple_entry_slanted,
          gammafunk_ghost_stat_death, uniq_joseph, uniq_maggie,
          uniq_crazy_yiuf_cottage, uniq_menkaure
D:8:      layout_loops_corners, mainiacjoe_overflow_tiny_flanked, uniq_psyche
D:9:      layout_long_grid, dpeg_oklobed_lair, hangedman_tell_no_tales
D:10:     layout_loops_corners, good_gods_temple_1,
          nicolae_qazlal_eye_of_the_storm, orc_0_dummy, enter_bailey_6,
          minmay_shop_grid_forest, serial_bayou_lagoon_a, uniq_sonja
Temple:   nicolae_temple_god_jail
Abyss:1:  base: D:5, lemuel_flamethrower_2

Skill      XL: |  1  2  3  4  5  6  7  8  9 10 |
---------------+-------------------------------+-----
Long Blades    | 3 4 5 6 |  6.5
Shields        | 4 |  4.2
Fighting       | 4 5 6 8 9 10 | 10.1
Armour         | 4 5 6 8 9 10 | 10.0
Maces & Flails | 3 5 |  5.9
Evocations     | 2 3 4 |  4.7
Axes           | 4 5 |  5.3
Invocations    | 2 4 |  4.1
Throwing       | 1 3 |  3.0

Action                   |  1- 3 |  4- 6 |  7- 9 | 10-12 || total
-------------------------+-------+-------+-------+-------++-------
Melee: Long sword        |    70 |   107 |    62 |       ||   239
       Headbutt          |     9 |    20 |    56 |    12 ||    97
       Flail             |       |       |   116 |       ||   116
       War axe           |       |       |   102 |    93 ||   195
Throw: Dart              |       |       |       |     2 ||     2
Evoke: Wand              |       |       |     3 |       ||     3
  Use: Scroll            |     1 |     1 |    17 |     2 ||    21
       Potion            |       |     1 |     3 |       ||     4
Armor: Scale mail        |    26 |    53 |    29 |       ||   108
       Plate armour      |       |       |    40 |       ||    40
       Ring mail         |       |       |    46 |    52 ||    98
Dodge: Dodged            |    33 |    51 |   103 |    48 ||   235
Block: Buckler           |    16 |    18 |    61 |    26 ||   121
